 Dungeon Crawl Stone Soup version 0.27.0-1-g7a089689b8 (webtiles) character file.

Game seed: 2758960588538901458

366 Leibowitz the Cutter (level 7, -2/41 HPs)
             Began as a Kobold Gladiator on Aug 7, 2021.
             Was a Believer of Ashenzari.
             Slain by a phantom (5 damage)
             ... on level 4 of the Dungeon.
             The game lasted 00:08:20 (3050 turns).

Leibowitz the Cutter (Kobold Gladiator)             Turns: 3050, Time: 00:08:21

Health: -2/41      AC:  4    Str: 17    XL:     7   Next: 0%
Magic:  7/7        EV: 18    Int:  9    God:    Ashenzari [**....]
Gold:   90         SH:  0    Dex: 19    Spells: 6/6 levels left

rFire    . . .     SeeInvis +   a - +0 rapier "Gloom of Ashenzari" {vamp, Elem, Melee} (curse)
rCold    . . .     Faith    .   (shield restricted)
rNeg     . . .     Spirit   .   b - +0 leather armour "Shattered With Me" {Bglg, Comp} (curse)
rPois    .         Reflect  .   c - +0 helmet of the Gnostic Repose {Comp, Fort} (curse)
rElec    .         Harm     .   (no cloak)
rCorr    .         Rampage  .   (no gloves)
Will     .....                  (no boots)
Stlth    ++++......             (no amulet)
HPRegen  0.13/turn              j - ring "Celestial Oblivion" {Str+6, Cun, Elem} (curse)
MPRegen  0.10/turn              (no ring)

@: no status effects
A: small, no large weapons, nightstalker 3
a: Renounce Religion, Shatter the Chains


You were on level 4 of the Dungeon.
You worshipped Ashenzari.
Ashenzari was pleased with you.
You visited 1 branch of the dungeon, and saw 4 of its levels.

You collected 90 gold pieces.

Inventory:

Hand Weapons
 a - the cursed +0 rapier "Gloom of Ashenzari" (weapon) {vamp, Elem, Melee}

   It occasionally heals its wielder for a portion of the damage dealt when it
   wounds a living foe.
   It has a curse which improves the following skills: Elements: Fire Magic, Ice
   Magic, Air Magic and Earth Magic.
   Melee Combat: Short Blades, Long Blades, Axes, Maces & Flails, Polearms,
   Staves and Unarmed Combat.
Missiles
 d - 2 throwing nets (quivered)
Armour
 b - the cursed +0 leather armour "Shattered With Me" (worn) {Bglg, Comp}

   It has a curse which improves the following skills: Beguiling: Conjurations,
   Hexes and Translocations.
   Companions: Summonings and Necromancy.
 c - the cursed +0 helmet of the Gnostic Repose (worn) {Comp, Fort}

   It has a curse which improves the following skills: Companions: Summonings
   and Necromancy.
   Fortitude: Armour and Shields.
Jewellery
 j - the cursed ring "Celestial Oblivion" (left hand) {Str+6, Cun, Elem}
   (You found it on level 2 of the Dungeon)

   [ring of strength]

   Str:       It affects your strength (+6).
   It has a curse which improves the following skills: Cunning: Dodging and
   Stealth.
   Elements:  Fire Magic, Ice Magic, Air Magic and Earth Magic.
Scrolls
 e - a scroll of enchant armour
 g - a scroll of blinking
 i - a scroll of fog
 k - 3 scrolls of teleportation
 l - a scroll of amnesia
 m - a scroll of enchant weapon
Potions
 f - a potion of curing
 h - a potion of heal wounds


   Skills:
 * Level 3.5 Fighting
 + Level 5.6(7.1) Short Blades
 - Level 2.1 Throwing
 + Level 0.9(1.7) Armour
 * Level 5.3(6.7) Dodging
 * Level 5.3(6.7) Stealth


You had 6 spell levels left.
You didn't know any spells.
Your spell library was empty.

Dungeon Overview and Level Annotations

Branches:
Dungeon (4/15)
 Temple: D:4-7

Altars:
Ashenzari

Shops:
D:1 (


Innate Abilities, Weirdness & Mutations

You are small and have problems with some larger weapons.
You are completely attuned to the shadows.


Message History

You hit the phantom.
The phantom is heavily damaged.
The adder skeleton misses you. The phantom barely misses you.
You closely miss the phantom.
The phantom is heavily damaged.
The adder skeleton bites you but does no damage.
The phantom closely misses you.
You closely miss the phantom.
The phantom is heavily damaged.
The adder skeleton completely misses you.
The phantom closely misses you.
You closely miss the phantom.
The phantom is heavily damaged.
The adder skeleton completely misses you.
The phantom hits you!
The phantom blinks!
You blink.
You hit the phantom.
The phantom is heavily damaged.
You hit the phantom but do no damage.
The phantom is heavily damaged.
The phantom completely misses you.
You hit the phantom but do no damage.
The phantom is heavily damaged.
The phantom hits you.
The phantom blinks!
You blink.
The phantom hits you.
* * * LOW HITPOINT WARNING * * *
The adder skeleton bites you.
* * * LOW HITPOINT WARNING * * *
You barely miss the phantom.
The phantom is heavily damaged.
The phantom hits you.
* * * LOW HITPOINT WARNING * * *
The adder skeleton barely misses you.
You hit the phantom.
The phantom is severely damaged.
The adder skeleton bites you but does no damage.
The phantom closely misses you.
You puncture the phantom!
The phantom is almost destroyed.
The adder skeleton barely misses you. The phantom hits you.
You die...

***,##....., , , *
###......, ,,, ,, *
........#, , *
,.........#.....,,
<.......|........,, ,
.........>......* ,
,.....$...)........ ,
.......W.)........
,,,.....Z@......<...#
, * *
,.......)..........,,
, ..................
,, .....#..........#.
,....##..........# ,
...# ##....# ,, ...**
, ,* , , , ,,, , , ,
, ,,


You could see a phantom and an adder skeleton.

Vanquished Creatures
  Sigmund (D:3)
  An ogre (D:3)
  An orc priest (D:4)
  2 worms (D:2)
  A dart slug (D:2)
  2 orcs (D:4)
  6 ball pythons
  6 endoplasms
  3 giant cockroaches
  7 goblins
  4 hobgoblins
  2 jackals (D:1)
  8 kobolds
  5 quokkas
  9 bats
  5 frilled lizards
  5 rats
68 creatures vanquished.

Notes
Turn   | Place    | Note
-------+----------+-------------------------------------------
     0 | D:1      | Leibowitz the Kobold Gladiator began the quest for the Orb.
     0 | D:1      | Reached XP level 1. HP: 12/12 MP: 1/1
    31 | D:1      | Found Ulephetul's Weapon Shoppe.
   178 | D:1      | Found a faded altar of an unknown god.
   188 | D:1      | Became a worshipper of Ashenzari the Shackled
   248 | D:1      | Reached XP level 2. HP: 17/17 MP: 2/2
   441 | D:1      | Reached XP level 3. HP: 22/22 MP: 3/3
  1147 | D:2      | Reached * piety under Ashenzari
  1174 | D:2      | Reached skill level 1 in Stealth
  1663 | D:2      | Reached XP level 4. HP: 27/27 MP: 4/4
  2098 | D:3      | Reached ** piety under Ashenzari
  2100 | D:3      | Noticed Sigmund
  2107 | D:3      | Killed Sigmund
  2108 | D:3      | Reached skill level 5 in Short Blades
  2108 | D:3      | Reached skill level 5 in Dodging
  2108 | D:3      | Reached XP level 5. HP: 32/32 MP: 5/5
  2108 | D:3      | Reached XP level 6. HP: 37/37 MP: 6/6
  2475 | D:3      | Noticed an ogre
  2479 | D:3      | Killed an ogre
  2480 | D:3      | Reached skill level 5 in Stealth
  3019 | D:4      | Reached XP level 7. HP: 41/41 MP: 7/7
  3050 | D:4      | Slain by a phantom

Illustrated notes

Levels and vault maps discovered:
D:1:      elethiomel_arrival_shortcut, layout_basic,
          shapermc_ecumenical_altar_totnotflames, serial_shops,
          nicolae_diamond_shop, minmay_bisected
D:2:      layout_basic, grunt_ministairs_9
D:3:      layout_loops_corners, uniq_sigmund
D:4:      layout_cave_pools, uniq_natasha, uniq_grinder

Skill      XL: |  1  2  3  4  5  6 |
---------------+-------------------+-----
Dodging        | 4 5 |  5.3
Stealth        | 1 4 5 |  5.3
Fighting       | 3 |  3.5
Short Blades   | 5 |  5.6
Throwing       | |  2.1
Armour         | |  0.9

Action                   |  1- 3 |  4- 6 |  7- 9 || total
-------------------------+-------+-------+-------++-------
Melee: Rapier            |    95 |    49 |    28 ||   172
Throw: Throwing net      |       |     1 |       ||     1
Invok: Curse Item        |     2 |     2 |       ||     4
  Use: Scroll            |     2 |       |       ||     2
       Potion            |     1 |       |       ||     1
 Stab: Sleeping          |    10 |    13 |       ||    23
       Held in net/web   |       |     2 |       ||     2
       Distracted        |       |     1 |       ||     1
Armor: Leather armour    |    18 |     4 |     5 ||    27
Dodge: Dodged            |    60 |    29 |    29 ||   118
